Map: Ruins of Seras

Players

SticklerMac

  • Race: Zerg Zerg
  • League: Silver

sifak - Winner!

  • Race: Protoss Protoss
  • League: Silver

VOD

Have the link to the VOD?

Description

Time

  • Played on: Oct. 1, 2015, 2:03 p.m.
  • Length: 6:19
Show
View Real Time Build Order
Export as new Build Order

SticklerMac Zerg 

Build Orders: Hatch First 

Get SALT Encoding   

  12  0:01  Drone  
  13  0:14  Overlord  
  13  0:20  Drone  
  14  0:33  Drone x2  
  16  0:37  Drone  
  17  0:55  Hatchery  
  16  0:57  Drone  
  16  1:00  Drone  
  18  1:07  Extractor  
  17  1:18  Spawning Pool  
  16  1:20  Drone  
  16  1:23  Drone  
  18  1:29  Drone  
  19  1:42  Drone  
  20  1:51  Overlord  
  20  2:05  Queen  
  20  2:07  Metabolic Boost  
  22  2:13  Drone  
  24  2:15  Drone x2  
  24  2:20  Drone  
  26  2:23  Drone  
  26  2:29  Drone  
  28  2:35  Drone  
  29  2:39  Drone  
  32  2:48  Drone  
  32  2:50  Drone  
  36  2:57  Queen  
  34  2:59  Lair  
  33  3:07  Drone x3  
  36  3:13  Overlord  
  36  3:21  Hatchery  
  36  3:23  Drone  
  36  3:24  Overlord  
  36  3:33  Queen  
  38  3:37  Spore Crawler  
  38  3:39  Spore Crawler  
  38  3:41  Spore Crawler  
  35  3:42  Drone x3  
  35  3:43  Spore Crawler, Drone  
  35  3:46  Drone  
  39  3:50  Drone x2  
  39  3:52  Drone  
  39  3:54  Drone  
  43  3:57  Drone  
  43  3:58  Drone  
  45  4:04  Drone, Extractor  
  45  4:12  Extractor  
  45  4:14  Extractor  
  43  4:22  Queen  
  45  4:29  Drone  
  45  4:30  Drone x6, Spire  
  45  4:31  Drone  
  52  4:33  Drone  
  53  4:39  Drone x2  
  53  4:43  Queen  
  57  4:53  Overlord  
  57  4:54  Overlord  
  57  4:55  Overlord  
  57  5:10  Spore Crawler  
  56  5:18  Overlord x2  
  56  5:20  Drone x5  
  56  5:21  Drone x5  
  65  5:27  Overlord  
  65  5:28  Overlord  
  66  5:30  Overlord  
  66  5:34  Zergling x4  
  66  5:38  Zergling x6  
  66  5:41  Zergling x4  
Show
View Real Time Build Order
Export as new Build Order

sifak Protoss - Winner!

Build Orders: 1 Gate Expand 

Get SALT Encoding   

  12  0:00  Probe (Chrono Boost)  
  13  0:10  Probe (Chrono Boost)  
  14  0:20  Pylon  
  14  0:22  Probe (Chrono Boost)  
  15  0:37  Probe (Chrono Boost)  
  15  0:42  Gateway  
  16  0:47  Probe (Chrono Boost)  
  17  0:57  Probe (Chrono Boost)  
  17  1:01  Assimilator  
  18  1:07  Probe (Chrono Boost)  
  19  1:17  Probe (Chrono Boost)  
  20  1:25  Pylon  
  20  1:27  Probe (Chrono Boost)  
  21  1:35  Cybernetics Core  
  21  1:42  Nexus  
  21  1:49  Cybernetics Core  
  21  1:51  Probe (Chrono Boost)  
  22  2:01  Probe (Chrono Boost)  
  23  2:16  Gateway  
  23  2:20  Gateway  
  23  2:23  Probe (Chrono Boost), Pylon  
  23  2:28  Warp Gate (Chrono Boost)  
  23  2:29  Zealot (Chrono Boost)  
  26  2:41  Probe  
  27  2:54  Sentry  
  27  2:55  Assimilator  
  29  3:07  Probe  
  29  3:10  Probe  
  31  3:17  Probe  
  32  3:22  Probe, Robotics Facility  
  32  3:26  Pylon  
  33  3:27  Probe  
  34  3:34  Probe  
  34  3:37  Probe  
  36  3:46  Probe  
  36  3:47  Probe  
  37  3:54  Gateway  
  37  3:55  Gateway  
  38  3:56  Probe  
  38  3:58  Gateway, Probe  
  40  4:07  Pylon  
  40  4:09  Warp Prism (Chrono Boost)  
  40  4:15  Probe  
  43  4:20  Mothership Core  
  45  4:34  Pylon  
  45  4:37  Probe  
  46  4:41  Assimilator  
  46  4:45  Pylon, Assimilator  
  46  4:46  Stalker x2  
  50  4:53  Probe  
  50  4:54  Probe  
  52  5:12  Zealot x5  
  52  5:13  Zealot  
  64  5:23  Robotics Bay  
  64  5:33  Zealot  
  64  5:34  Zealot x3  
  72  5:35  Sentry  
  74  5:57  Zealot x3  
  76  5:58  Sentry x2  
  76  6:14  Pylon  
Tags
 
Add a new tag
Caveats
  • Supply blocks, unpowered buildings, or Contaminate may cause inaccurate times.
  • Supply counts are checked every 10 seconds.